 Dungeon Crawl Stone Soup version 0.21.1-1-g345015fe64 (webtiles) character file.

1144 Kohma the Sneak (level 8, 0/63 HPs)
             Began as a Vine Stalker Assassin on July 9, 2018.
             Succumbed to Duvessa's poison
             ... on level 6 of the Dungeon.
             The game lasted 00:19:43 (5419 turns).

Kohma the Sneak (Vine Stalker Assassin)             Turns: 5419, Time: 00:19:44

Health: 0/63       AC: 27    Str: 15    XL:     8   Next: 37%
Magic:  5/9        EV:  2    Int: 13    God:
Gold:   210        SH:  4    Dex: 15    Spells: 7/7 levels left

rFire    . . .     SeeInvis .   a - +2 short sword (holy)
rCold    . . .     Gourm    .   j - +0 buckler
rNeg     + + +     Faith    .   (armour currently unavailable)
rPois    +         Spirit   +   (helmet currently unavailable)
rElec    .         Reflect  .   (cloak currently unavailable)
rCorr    .         Harm     .   (gloves currently unavailable)
MR       +....     NoTele   +   (boots currently unavailable)
Stlth    +++.......             (no amulet)
HPRegen  0.60/turn              c - +3 ring of protection
MPRegen  0.11/turn              (no ring)

@: lethally poisoned (0 -> -5), tree-form (expiring)
A: regeneration 1, magic shield, no potion heal 3, rot immunity
a: no special abilities


You were on level 6 of the Dungeon.
You were hungry.
You were a tree.
You visited 1 branch of the dungeon, and saw 6 of its levels.

You collected 210 gold pieces.

Inventory:

Hand Weapons
 a - a +2 short sword of holy wrath (weapon)
 b - a +1 blowgun
 p - a +2 dagger
 y - a cursed +0 dagger
Missiles
 e - 49 poisoned needles
 f - 2 curare-tipped needles {!f}
Armour
 d - a +1 cloak (melded)
 j - a +0 buckler (worn)
 u - a +0 ring mail (melded)
Jewellery
 c - a +3 ring of protection (left branch)
 s - an uncursed ring of resist corrosion {unknown}
Wands
 w - a wand of polymorph (12)
Scrolls
 h - a scroll of teleportation
 k - a scroll of amnesia
 m - 4 scrolls of enchant armour
 o - a scroll of fog
 r - 3 scrolls of enchant weapon
 A - a scroll of immolation
 C - a scroll of noise {unknown}
Potions
 i - a potion of lignification
 l - a potion of flight
 n - a potion of brilliance {unknown}
 q - 3 potions of curing
 t - a potion of mutation {unknown}
 v - a potion of degeneration {unknown}
 x - a potion of might {unknown}
 z - a potion of resistance {unknown}
 D - a potion of agility {unknown}
Comestibles
 g - 6 rations
 B - 6 chunks of flesh


   Skills:
 + Level 4.7 Fighting
 * Level 4.7 Short Blades
 + Level 3.5 Throwing
 + Level 2.8 Dodging
 + Level 6.7 Stealth
 * Level 2.2 Shields


You had 7 spell levels left.
You didn't know any spells.

Dungeon Overview and Level Annotations

Branches:
Dungeon (6/15)
 Temple: D:4-7

Altars:
Ashenzari
Fedhas
Makhleb
Vehumet

Shops:
D:5 }

Annotations:
D:6 Dowan, Duvessa


Innate Abilities, Weirdness & Mutations

((You have razor-sharp teeth.))
Your natural rate of healing is unusually fast.
When hurt, damage is shared between your health and your magic reserves.
((Your bite disrupts and absorbs the magic of your enemies.))
Potions cannot restore your health.
You are immune to rotting.


Message History

Duvessa is moderately wounded.
You feel sick. Duvessa hits you but does no damage.
Duvessa hits you with a short sword of venom.
* * * LOW HITPOINT WARNING * * *
You hit Duvessa.
Duvessa is heavily wounded.
Duvessa hits you but does no damage.
You are lethally poisoned!
You hit Duvessa but do no damage.
Duvessa is heavily wounded.
Your transformation is almost over.
* * * LOW HITPOINT WARNING * * *
You feel sick. You block Duvessa's attack.
You hit Duvessa but do no damage.
Duvessa is heavily wounded.
* * * LOW HITPOINT WARNING * * *
You feel sick. Duvessa hits you but does no damage.
You hit Duvessa.
Duvessa is heavily wounded.
You die...

#.####.#.# ≈.≈g #+# #.#
#........# .≈≈ #.# #.#
#######.## 8..###.#####
#.. #....# #.......# ###
#.#e## #....#..# #.#.###
##.......# #.#.#.#
#.....#..#
#.#.#.#####..#.##..#####
#.#..ee♣.....##.........
#.###.#####........#####
#.###.# #.#####.##
#.....# #.. ...# #######
#########


You could see Duvessa and Dowan.

Vanquished Creatures
  The ghost of Linguinho the Grave Robber, a novice DENe (D:4)
  2 sky beasts (D:5)
  A centaur (D:4)
  A scorpion (D:4)
  A bullfrog zombie (D:6)
  A crimson imp (D:4)
  2 hounds
  A jelly (D:6)
  2 orc priests
  A gnoll shaman (D:3)
  Jessica (D:3)
  An iguana (D:4)
  A worker ant (D:4)
  An orc wizard (D:4)
  A hound skeleton (D:4)
  A hound zombie (D:5)
  4 gnolls
  9 adders
  An ooze (D:1)
  3 dart slugs
  6 worms
  2 leopard geckos
  13 orcs
  A giant cockroach (D:1)
  5 hobgoblins (D:1)
  10 jackals
  7 kobolds
  A quokka (D:6)
  6 bats
  7 frilled lizards
  4 goblins
  A leopard gecko skeleton (D:5)
  7 rats
106 creatures vanquished.

Notes
Turn   | Place    | Note
-------+----------+-------------------------------------------
     0 | D:1      | Kohma the Vine Stalker Assassin began the quest for the Orb.
     0 | D:1      | Reached XP level 1. HP: 11/11 MP: 2/2
    84 | D:1      | Reached XP level 2. HP: 15/15 MP: 3/3
   127 | D:1      | Reached skill level 5 in Stealth
   198 | D:1      | Reached skill level 1 in Dodging
   390 | D:1      | Reached XP level 3. HP: 18/18 MP: 4/4
  1202 | D:2      | Gained mutation: Your natural rate of healing is unusually fast. [Vine Stalker growth]
  1202 | D:2      | Reached XP level 4. HP: 18/23 MP: 5/5
  1430 | D:2      | Found a shattered altar of Ashenzari.
  1774 | D:3      | Reached XP level 5. HP: 16/27 MP: 3/6
  2216 | D:3      | Noticed Jessica
  2221 | D:3      | Killed Jessica
  2654 | D:4      | Noticed Linguinho's ghost (novice DENe)
  2687 | D:3      | Reached XP level 6. HP: 27/32 MP: 5/7
  2710 | D:4      | Killed Linguinho's ghost
  2710 | D:4      | Reached skill level 6 in Stealth
  2710 | D:4      | Reached XP level 7. HP: 33/37 MP: 8/8
  3057 | D:4      | Found a radiant altar of Vehumet.
  3060 | D:4      | Found a burning altar of Makhleb.
  3698 | D:5      | Entered Level 5 of the Dungeon
  3714 | D:4      | Reached skill level 1 in Shields
  3889 | D:5      | Gained mutation: You have razor-sharp teeth. [Vine Stalker growth]
  3889 | D:5      | Reached XP level 8. HP: 42/42 MP: 9/9
  4098 | D:5      | Found Tavuuwk's Gadget Shop.
  4388 | D:5      | Found a blossoming altar of Fedhas.
  5376 | D:6      | Noticed Duvessa
  5376 | D:6      | Noticed Dowan
  5393 | D:6      | HP: 2/42 [poisoned by Duvessa]
  5415 | D:6      | HP: 3/63 [poisoned by Duvessa]
  5417 | D:6      | HP: 1/63 [poisoned by Duvessa]
  5419 | D:6      | Succumbed to Duvessa's poison

Skill      XL: |  1  2  3  4  5  6  7  8 |
---------------+-------------------------+-----
Fighting       | 2 3 4 |  4.7
Short Blades   | 2 3 4 |  4.7
Throwing       | 2 3 |  3.5
Stealth        | 5 6 |  6.7
Dodging        | 1 2 |  2.8
Shields        | 1 2 |  2.2

Action                   |  1- 3 |  4- 6 |  7- 9 || total
-------------------------+-------+-------+-------++-------
Melee: Dagger            |    81 |    33 |       ||   114
       Bite              |    20 |    23 |    44 ||    87
       Short sword       |     1 |    45 |   146 ||   192
 Fire: Blowgun           |    11 |    35 |    77 ||   123
  Use: Scroll            |       |     8 |     6 ||    14
       Potion            |       |       |     3 ||     3
 Stab: Sleeping          |     7 |     4 |     3 ||    14
  Eat: Chunk             |     1 |     5 |     4 ||    10
       Ration            |       |       |     1 ||     1
Armor: Robe              |    21 |    15 |       ||    36
       Ring mail         |       |    19 |    50 ||    69
       Skin              |       |       |    15 ||    15
Dodge: Dodged            |    59 |    56 |    61 ||   176
Block: Buckler           |       |       |    22 ||    22
